 Dungeon Crawl Stone Soup version 0.23.2-40-g277498a001 (webtiles) character file.

Game seed: 6417205793705075489

2192 Aggronaut the Carver (level 9, -1/63 HPs)
             Began as a Demonspawn Berserker on Sept 25, 2019.
             Was an Elder of Trog.
             Slain by an ogre
             ... wielding a +0 giant spiked club
              (22 damage)
             ... on level 7 of the Dungeon.
             The game lasted 00:20:15 (6288 turns).

Aggronaut the Carver (Demonspawn Berserker)         Turns: 6288, Time: 00:20:16

Health: -1/63      AC: 17    Str: 19    XL:     9   Next: 12%
Magic:  9/9        EV: 15    Int:  9    God:    Trog [****..]
Gold:   618        SH:  0    Dex: 19    Spells: 8/8 levels left

rFire    . . .     SeeInvis .   f - +1 falchion (elec)
rCold    . . .     Gourm    .   (no shield)
rNeg     . . .     Faith    .   r - +1 scale mail
rPois    .         Spirit   .   (no helmet)
rElec    .         Reflect  .   s - +0 cloak
rCorr    .         Harm     .   (no gloves)
MR       .....                  (no boots)
Stlth    +.........             (no amulet)
HPRegen  0.20/turn              (no ring)
MPRegen  0.11/turn              (no ring)

@: agile, sanguine armour
A: hooves 2, powered by pain 1, sanguine armour 2
a: Berserk, Trog's Hand, Brothers in Arms, Renounce Religion


You were on level 7 of the Dungeon.
You worshipped Trog.
Trog was greatly pleased with you.
You were very hungry.

You visited 1 branch of the dungeon, and saw 7 of its levels.

You collected 618 gold pieces.

Inventory:

Hand Weapons
 f - a +1 falchion of electrocution (weapon)
Missiles
 p - 2 javelins (quivered)
Armour
 r - a +1 scale mail (worn)
 s - a +0 cloak (worn)
Jewellery
 d - an uncursed ring of protection from cold {unknown}
Wands
 e - a wand of flame (3)
 h - a wand of random effects (17)
Scrolls
 b - a scroll of amnesia {unknown}
 j - 5 scrolls of identify
 l - 3 scrolls of enchant weapon
Potions
 a - a potion of haste {unknown}
 g - a potion of magic {unknown}
 k - a potion of curing
 m - 3 potions of lignification
 n - a potion of might
 q - 3 potions of degeneration {unknown}
Comestibles
 c - 9 rations


   Skills:
 - Level 3.0 Fighting
 * Level 11.3 Long Blades
 - Level 1.7 Armour
 - Level 1.7 Dodging


You had 8 spell levels left.
You didn't know any spells.
Your spell library contained the following spells:

 Spells                   Type           Power        Failure   Level  Hunger
 Corona                   Hex            #......      77%         1    ##.....
 Magic Dart               Conj           #...         77%         1    ##.....
 Blink                    Tloc           N/A          88%         2    ###....
 Call Imp                 Summ           #.......     88%         2    ###....
 Ensorcelled Hibernation  Hex/Ice        #.....       88%         2    ###....
 Slow                     Hex            #.......     88%         2    ###....
 Confuse                  Hex            #.......     98%         3    ####...
 Conjure Flame            Conj/Fire      #.......     98%         3    ####...
 Dazzling Spray           Conj/Hex       #.....       98%         3    ####...
 Mephitic Cloud           Conj/Pois/Air  #.......     98%         3    ####...
 Tukima's Dance           Hex            #.......     98%         3    ####...


Dungeon Overview and Level Annotations

Branches:
Dungeon (7/15)
 Temple: D:4-7

Altars:


Innate Abilities, Weirdness & Mutations

You have hoof-like feet.
You sometimes gain a little power by taking damage.
When seriously injured, your bleeding wounds create thick armour. (AC +9)


Message History

Your blood congeals into armour.
You closely miss the ogre.
The ogre is moderately wounded.
Your scale mail prevents you from hitting the ogre.
The ogre is moderately wounded.
The ogre hits you but does no damage.
Your scale mail prevents you from hitting the ogre.
You kick the ogre.
The ogre is heavily wounded.
You hit the ogre. You kick the ogre.
The ogre is heavily wounded.
The ogre hits you with a +0 giant spiked club!
You focus on the pain.
You feel agile all of a sudden.
You slash the ogre! Your kick misses the ogre.
The ogre is almost dead.
You barely miss the ogre.
The ogre is almost dead.
The ogre hits you with a +0 giant spiked club!!
You die...

#+# ##.###
#....# #.<..#
#....# #....#
#....# #....+
####@#
.......O.......
...............
...............
...............
.......(.......
....#######.$..
.... ....


You could see an ogre.

Vanquished Creatures
  Pikel (D:5)
  Eustachio (D:6)
  Duvessa (D:5)
  An orc warrior (D:6)
  2 slaves (D:5)
  A phantom (D:6)
  3 centaurs (D:6)
  2 ogres (D:4)
  Blork the orc (D:6)
  A bullfrog (D:7)
  Dowan (D:5)
  3 howler monkeys
  A crimson imp (D:6)
  3 hounds
  A jelly (D:5)
  3 centaur skeletons
  An orc priest (D:5)
  Ijyb (D:5)
  2 orc wizards
  A worker ant (D:4)
  2 hound skeletons
  7 adders
  8 gnolls
  5 oozes
  2 adder skeletons (D:4)
  A worm (D:2)
  3 dart slugs (D:1)
  3 leopard geckos
  15 orcs
  6 giant cockroaches
  6 goblins
  4 hobgoblins
  7 jackals
  7 kobolds
  3 quokkas
  5 bats
  4 frilled lizards
  A giant cockroach zombie (D:5)
  A quokka skeleton (D:4)
  A quokka zombie (D:6)
  7 rats
129 creatures vanquished.

Vanquished Creatures (others)
  An orc (D:6)
1 creature vanquished.

Grand Total: 130 creatures vanquished

Notes
Turn   | Place    | Note
-------+----------+-------------------------------------------
     0 | D:1      | Aggronaut the Demonspawn Berserker began the quest for the
                  | Orb.
     0 | D:1      | Reached XP level 1. HP: 18/18 MP: 1/1
    73 | D:1      | Reached skill level 3 in Long Blades
    79 | D:1      | Gained mutation: You have large cloven feet. [demonic
                  | ancestry]
    79 | D:1      | Reached XP level 2. HP: 18/24 MP: 2/2
   211 | D:1      | Reached XP level 3. HP: 29/29 MP: 3/3
   377 | D:1      | Reached skill level 4 in Long Blades
   951 | D:2      | Reached ** piety under Trog
   951 | D:2      | Gained mutation: When seriously injured, your bleeding
                  | wounds create armour. (AC +9) [demonic ancestry]
   951 | D:2      | Reached XP level 4. HP: 25/35 MP: 4/4
  1874 | D:3      | Reached skill level 5 in Long Blades
  2317 | D:3      | Gained mutation: You have hoof-like feet. [demonic
                  | ancestry]
  2317 | D:3      | Reached XP level 5. HP: 33/41 MP: 5/5
  2564 | D:3      | Reached *** piety under Trog
  2766 | D:4      | Reached skill level 6 in Long Blades
  2777 | D:4      | Gained mutation: When seriously injured, your bleeding
                  | wounds create thick armour. (AC +9) [demonic ancestry]
  2777 | D:4      | Reached XP level 6. HP: 44/47 MP: 6/6
  3300 | D:4      | Reached skill level 7 in Long Blades
  3454 | D:4      | Gained mutation: You sometimes gain a little power by
                  | taking damage. [demonic ancestry]
  3454 | D:4      | Reached XP level 7. HP: 41/52 MP: 7/7
  3874 | D:5      | Entered Level 5 of the Dungeon
  3974 | D:5      | Noticed Ijyb
  3975 | D:5      | Noticed Pikel
  4019 | D:5      | Killed Ijyb
  4038 | D:5      | Killed Pikel
  4038 | D:5      | Reached skill level 8 in Long Blades
  4064 | D:5      | Reached skill level 9 in Long Blades
  4064 | D:5      | Reached XP level 8. HP: 38/58 MP: 8/8
  4391 | D:5      | Noticed Duvessa
  4391 | D:5      | Noticed Dowan
  4409 | D:5      | Killed Duvessa
  4413 | D:5      | Killed Dowan
  4904 | D:6      | HP: 1/58 [orc warrior/tomahawk (10)]
  5313 | D:6      | Noticed Eustachio
  5326 | D:6      | Killed Eustachio
  5326 | D:6      | Reached skill level 10 in Long Blades
  5671 | D:6      | Noticed Blork the orc
  5677 | D:6      | Killed Blork the orc
  5879 | D:6      | Reached skill level 11 in Long Blades
  5879 | D:6      | Reached XP level 9. HP: 46/63 MP: 9/9
  6231 | D:6      | Got a steaming whip
  6232 | D:6      | Identified the +7 whip of Karma {speed, +Inv rElec Int-5}
                  | (You found it on level 6 of the Dungeon)
  6281 | D:7      | Reached **** piety under Trog
  6288 | D:7      | Slain by an ogre

Skill      XL: |  1  2  3  4  5  6  7  8 |
---------------+-------------------------+-----
Long Blades    | 3 4 5 6 7 9 11 | 11.3
Fighting       | |  3.0
Armour         | |  1.7
Dodging        | |  1.7

Action                   |  1- 3 |  4- 6 |  7- 9 || total
-------------------------+-------+-------+-------++-------
Melee: Falchion          |    61 |   135 |    45 ||   241
       Kick              |    20 |    60 |    63 ||   143
       Long sword        |       |    63 |   125 ||   188
Throw: Javelin           |       |       |     2 ||     2
Invok: Berserk           |     1 |     5 |     6 ||    12
       Trog's Hand       |       |     1 |     3 ||     4
  Use: Scroll            |       |     5 |     5 ||    10
       Potion            |       |       |     2 ||     2
  Eat: Chunk             |       |    14 |     8 ||    22
       Ration            |       |       |     2 ||     2
Armor: Animal skin       |     7 |    10 |       ||    17
       Ring mail         |       |    26 |       ||    26
       Scale mail        |       |    44 |    73 ||   117
Dodge: Dodged            |    36 |    87 |    93 ||   216
       Rpst.: Falchion   |    12 |    22 |     7 ||    41
       Long sword        |       |    11 |    27 ||    38
